 Dungeon Crawl Stone Soup version 0.31.0 (webtiles) character file.

Game seed: 5839805137882891020

2595466 shadowrider38 the Slayer (level 23, 234/234 HPs)
             Began as a Minotaur Fighter on Jan 19, 2024.
             Was the Champion of Okawaru.
             Escaped with the Orb
             ... and 3 runes
             ... and 4 gems!
             The game lasted 00:41:58 (38164 turns).

shadowrider38 the Slayer (Minotaur Fighter)        Turns: 38164, Time: 00:41:59

Health: 234/234    AC: 43    Str: 34    XL:     23   Next: 8%
Magic:  29/29      EV: 10    Int:  5    God:    Okawaru [******]
Gold:   3283       SH: 25    Dex: 11    Spells: 22/22 levels left

rFire   + + .        a - +9 broad axe (vamp) {god gift}
rCold   + . .        y - +3 tower shield "Dyrurch" {Rampage rElec rC+}
rNeg    . . .        A - +5 gold dragon scales
rPois   +            c - +2 hat
rElec   +            M - +2 cloak {Will+}
rCorr   .            X - +2 pair of gloves {Str+3}
SInv    .            l - +2 pair of boots
Will    +++..        w - amulet of faith Stlth
                     U - ring of the Lotus Blossom {Fire rPois Slay+6}
HPRegen 0.59/turn    m - ring of willpower
MPRegen 0.21/turn

%: rampage, faith
@: no status effects
A: horns 2, retaliatory headbutt, low MP 1
0: Orb of Zot
}: 3/15 runes: decaying, silver, gossamer
a: Renounce Religion, Heroism, Finesse, Duel


You escaped.
You worshipped Okawaru.
Okawaru was exalted by your worship.
You visited 9 branches of the dungeon, and saw 45 of its levels.
You visited 1 bazaar.
You also visited: Ossuary and Gauntlet.

You collected 4746 gold pieces.
You spent 1463 gold pieces at shops.

Inventory:

Hand Weapons
 a - a +9 vampiric broad axe (weapon) {god gift}
 b - a +2 broad axe
Missiles
 t - 39 boomerangs
 v - 22 javelins (quivered)
 x - 19 silver javelins {god gift}
 F - 12 curare-tipped darts
 Z - 2 throwing nets
Armour
 c - a +2 hat (worn)
 l - a +2 pair of boots (worn)
 s - the +1 cloak of Starlight {*Dazzle EV+4 Stlth--}
   (You bought it in a shop in a bazaar)

   *Dazzle:   It may blind those who miss an attack against the wearer in melee
   combat.
   EV+4:      It affects your evasion (+4).
   Stlth--:   It makes you much less stealthy.
 y - the +3 tower shield "Dyrurch" (worn) {Rampage rElec rC+}
   (You took it off Louise on level 1 of the Spider Nest)

   rC+:       It protects you from cold.
   rElec:     It insulates you from electricity.
   Rampage:   It bestows one free step when moving towards enemies.
 A - +5 gold dragon scales (worn)
 M - a +2 cloak of willpower (worn)
 N - a +2 cloak of poison resistance
 X - a +2 pair of gloves of strength (worn)
Jewellery
 f - a ring of protection from fire
 j - the ring of the Invisible Hand {rPois rF+++ rN++ Will+ Int-2}
   (You found it on level 5 of the Realm of Zot)

   [ring of willpower]

   Int-2:     It affects your intelligence (-2).
   rF+++:     It renders you almost immune to fire.
   rPois:     It protects you from poison rN++: It greatly protects you from
   negative energy.
   Will+:     It increases your willpower.
 m - a ring of willpower (right hand)
 n - a +5 ring of evasion
 w - an amulet of faith (around neck)
 z - a ring of see invisible
 O - an amulet of reflection
 U - the ring of the Lotus Blossom (left hand) {Fire rPois Slay+6}
   (You found it in a Gauntlet)

   [ring of fire]

   Fire:      It enhances your fire magic.
   Slay+6:    It affects your accuracy & damage with ranged weapons and melee
   (+6).
   rF+:       It protects you from fire.
   rC-:       It makes you vulnerable to cold.
   rPois:     It protects you from poison
Wands
 q - a wand of polymorph (17)
 D - a wand of digging (12)
 E - a wand of mindburst (22)
 I - a wand of iceblast (17)
 P - a wand of quicksilver (34)
 V - a wand of flame (95)
Scrolls
 g - 2 scrolls of immolation
 h - 3 scrolls of fog
 i - 5 scrolls of torment
 B - 5 scrolls of blinking
 C - 6 scrolls of fear
 J - 4 scrolls of poison
 R - 16 scrolls of identify
 T - 11 scrolls of teleportation
 W - 5 scrolls of vulnerability
 Y - 5 scrolls of enchant weapon
Potions
 d - 2 potions of might
 e - 2 potions of lignification
 k - a potion of heal wounds
 o - a potion of berserk rage
 p - 14 potions of ambrosia
 r - 5 potions of enlightenment
 u - 2 potions of invisibility
 G - a potion of resistance
 H - 3 potions of haste
 K - 7 potions of mutation
 L - 4 potions of brilliance
 Q - 12 potions of curing
 S - 4 potions of cancellation


   Skills:
 - Level 25.2 Fighting
 - Level 18.0 Axes
 - Level 8.8 Throwing
 - Level 22.7 Armour
 - Level 7.0 Dodging
 - Level 22.6 Shields
 + Level 14.4 Invocations
 - Level 8.2 Evocations


You had 22 spell levels left.
You didn't know any spells.
Your spell library contained the following spells:

 Spells                   Type           Power      Damage    Failure   Level
 Apportation              Tloc           0%         N/A       99%         1
 Foxfire                  Conj/Fire      0%         2x1d4     99%         1
 Magic Dart               Conj           0%         1d3       99%         1
 Necrotise                Necr           0%         1d4       99%         1
 Sandblast                Erth           0%         2d4       99%         1
 Slow                     Hex            0%         N/A       99%         1
 Sting                    Conj/Alch      0%         1d3       99%         1
 Jinxbite                 Hex            0%         N/A       99%         2
 Mercury Vapours          Alch/Air       0%         N/A       99%         2
 Searing Ray              Conj           0%         2d4       99%         2
 Static Discharge         Conj/Air       0%         3-3/arc   99%         2
 Sublimation of Blood     Necr           0%         N/A       99%         2
 Confusing Touch          Hex            0%         N/A       100%        3
 Hailstorm                Conj/Ice       0%         3d5       100%        3
 Mephitic Cloud           Conj/Alch/Air  0%         N/A       100%        3
 Ozocubu's Armour         Ice            0%         N/A       100%        3
 Passwall                 Erth           0%         N/A       100%        3
 Sigil of Binding         Hex            0%         N/A       100%        3
 Stone Arrow              Conj/Erth      0%         3d7       100%        3
 Vampiric Draining        Necr           0%         2d6       100%        3
 Volatile Blastmotes      Fire/Tloc      0%         2d10      100%        3
 Airstrike                Air            0%         2d(0-16)  100%        4
 Brom's Barrelling Bould  Conj/Erth      0%         2d3       100%        4
 Cause Fear               Hex            0%         N/A       100%        4
 Dimensional Bullseye     Hex/Tloc       0%         N/A       100%        4
 Fulminant Prism          Conj/Alch      0%         3d5       100%        4
 Iskenderun's Mystic Bla  Conj/Tloc      0%         2d3       100%        4
 Leda's Liquefaction      Alch/Erth      0%         N/A       100%        4
 Manifold Assault         Tloc           0%         N/A       100%        4
 Olgreb's Toxic Radiance  Alch           0%         N/A       100%        4
 Passage of Golubria      Tloc           0%         N/A       100%        4
 Petrify                  Alch/Erth      0%         N/A       100%        4
 Alistair's Intoxication  Alch           0%         N/A       100%        5
 Fireball                 Conj/Fire      0%         3d3       100%        5
 Freezing Cloud           Conj/Ice/Air   0%         6-21      100%        5
 Irradiate                Conj/Alch      0%         3d11      100%        5
 Lee's Rapid Deconstruct  Erth           0%         3d4*      100%        5
 Metabolic Englaciation   Hex/Ice        0%         N/A       100%        5
 Yara's Violent Unravell  Hex/Alch       0%         3d3       100%        5
 Bombard                  Conj/Erth      0%         9d1       100%        6
 Dispersal                Tloc           0%         N/A       100%        6
 Eringya's Noxious Bog    Alch           0%         4d6       100%        6
 Plasma Beam              Fire/Air       0%         2x1d10    100%        6
 Starburst                Conj/Fire      0%         6d3       100%        6
 Disjunction              Tloc           0%         N/A       100%        8
 Summon Small Mammal      Summ           Unusable   N/A       N/A         1
 Call Canine Familiar     Summ           Unusable   N/A       N/A         3
 Summon Ice Beast         Ice/Summ       Unusable   N/A       N/A         3
 Tukima's Dance           Hex            Unusable   N/A       N/A         3
 Summon Lightning Spire   Summ/Air       Unusable   N/A       N/A         4
 Summon Forest            Summ/Tloc      Unusable   N/A       N/A         5
 Sculpt Simulacrum        Ice/Alch       Unusable   N/A       N/A         6
 Summon Hydra             Summ           Unusable   N/A       N/A         7
 Dragon's Call            Summ           Unusable   N/A       N/A         9

Dungeon Overview and Level Annotations

Branches:
Dungeon (15/15)            Temple (1/1) D:5            Lair (5/5) D:8
  Swamp (4/4) Lair:3       Spider (4/4) Lair:2          Orc (2/2) D:12
    Elf (0/3) Orc:2        Vaults (5/5) D:13         Depths (4/4) D:15
    Zot (5/5) Depths:4    Ossuary (visited)         Gauntlet (visited)
  Slime: Lair:4-5     Crypt: Vaults:2-3

Altars:
Ashenzari
Cheibriados
Dithmenos
Elyvilon
Fedhas
Gozag
Hepliaklqana
Kikubaaqudgha
Makhleb
Nemelex Xobeh
Okawaru
Qazlal
Ru
Sif Muna
Trog
Uskayaw
Vehumet
Wu Jian
Xom
Yredelemnul
Zin
The Shining One
Jiyva

Shops:
D:6 ((*=   Orc:1 :[   Orc:2 *[=   Vaults:4 (   Depths:1 [

Portals:
Hell: Depths:1 Depths:3 Depths:4

Annotations:
D:5 1 runed translucent door, rozman's ghost, novice MfSh
D:7 exclusion: 2 downstairs
D:9 3 runed translucent doors
Lair:1 exclusion: oklob plant
Lair:5 exclusion: 4 oklob plants
Zot:1 4 transporters


Innate Abilities, Weirdness & Mutations

You have a pair of horns on your head.
You reflexively headbutt those who attack you in melee.
Your magical capacity is low. (-10% MP)


Message History

The blizzard demon is heavily wounded.
You slice the blizzard demon!!
You kill the blizzard demon!
Okawaru accepts your kill.
No target in view!
What level of the Dungeon? (default 1, ? - help)
You see here 6 stones.
There is a stone staircase leading up here.
You climb upwards.
Level annotation: exclusion: 2 downstairs
There is a stone staircase leading down here.
Things that are here:
a +0 plate armour; a +0 short sword
There is a stone staircase leading up here.
You climb upwards.
There is a stone staircase leading down here.
A cherub comes into view.
It is wielding a +3 falchion of flaming.
The cherub's lion head roars!
The cherub unwields a +3 falchion of flaming.
It stops flaming.
The cherub wields a +0 sling.
The cherub shoots a sling bullet.
You block the sling bullet.
There is a stone staircase leading up here.
You climb upwards.
Level annotation: 1 runed translucent door, rozman's ghost, novice MfSh
There is a stone staircase leading down here.
What level of the Dungeon? (default 1, ? - help)
There is a stone staircase leading up here.
You climb upwards.
There is a stone staircase leading down here.
There is a stone staircase leading up here.
You climb upwards.
There is a stone staircase leading down here.
You see here 5 stones.
There is a stone staircase leading up here.
You climb upwards.
There is a stone staircase leading down here.
There is a stone staircase leading up here.
You climb upwards.
There is a stone staircase leading down here.
Okay, then.
A reaper comes into view.
It is wielding a +3 scythe of distortion.
The reaper moves out of view.
You see here a +0 club.
Aiming: Dig
Press: ? - help, Shift-Dir - straight line This square is covered in magical glow.
The rock shatters into small pieces.
You hear a grinding noise.
There is a staircase leading out of the dungeon here.
You have escaped!

....###..##...........### #.###.#
##.## ##..###...#......)###.# #.#
#.# ##.....########.......###.#
##.####..#...####♣.####.#[..##...
.........#####....♣.###.....##...
.....###.###..#♣.♣##...#.##......
###...#......###..♣###.#...).....
.............# ♣..2....)..##.....
####†........# ♣@♣##...#.###.#..>
#............###♣##...##.##..#...
...............###...###2#..##...
#....%...............###.#.###.##
#.......†..................>.)..#
#.......)............###...##)...
.....................###..###.###
##..........##.......##..## #.# #
...######.#########...#..# #.# #


You could see a reaper.

Vanquished Creatures
  3 dread liches (Vaults:5)
  An ancient lich (Vaults:5)
  Mara (Swamp:4)
  An orb of fire (Zot:5)
  Parghit (Zot:3)
  A curse toe (Arena)
  8 golden dragons
  Arachne (Spider:4)
  2 electric golems
  Jorgrun (D:14)
  2 liches
  8 tentacled monstrosities
  4 titans (Vaults:5)
  8 quicksilver dragons
  8 Orb Guardians
  6 sphinxes
  Kirke (Spider:1)
  Frances (D:12)
  14 shadow dragons
  6 death cobs
  8 storm dragons
  Agnes (Spider:3)
  4 tengu reavers (Vaults:5)
  6 draconian monks
  2 fenstrider witches
  6 fire giants
  A protean progenitor (Zot:5)
  3 draconian knights
  2 deep elf sorcerers (Vaults:5)
  5 emperor scorpions
  4 frost giants
  3 draconian shifters
  Louise (Spider:1)
  6 ghost moths
  2 draconian scorchers (Zot:1)
  18 vault wardens
  A spriggan defender (Depths:3)
  An orc warlord (Orc:2)
  9 stone giants
  A quicksilver ooze (Gauntlet)
  19 ironbound preservers
  2 draconian annihilators
  6 very ugly things
  3 draconian stormcallers
  2 broodmothers (Spider:2)
  3 formless jellyfish (Vaults:4)
  5 ironbound thunderhulks
  A deep elf death mage (Vaults:5)
  4 deep elf annihilators (Vaults:5)
  2 deep elf demonologists (Vaults:5)
  5 green draconians
  A minotaur (Gauntlet)
  4 white draconians
  3 eleionomae
  6 black draconians
  10 red draconians
  3 war gargoyles (Vaults:5)
  6 spark wasps
  9 purple draconians
  A dire elephant (Lair:5)
  7 yellow draconians
  3 bunyips (Swamp:3)
  6 ettins (Vaults:5)
  2 jiangshi (Depths:4)
  3 fire dragons
  A blizzard demon (D:8)
  6 yaktaur captains
  A shambling mangrove (Swamp:4)
  Fannar (D:11)
  2 deep elf high priests (Vaults:5)
  5 ice dragons
  39 vault guards
  5 entropy weavers
  2 rakshasas (Depths:1)
  4 great orbs of eyes
  20 hydras
  3 radroaches
  2 alligators (Swamp:3)
  A catoblepas (Lair:5)
  3 ogre magi
  4 ironbound frosthearts
  2 jorogumos (Spider:4)
  3 centaur warriors
  13 two-headed ogres
  2 boulder beetles
  8 death yaks
  An anaconda (shapeshifter) (Vaults:5)
  3 deep troll shamans
  An occultist (Depths:1)
  3 tengu warriors (Depths:1)
  6 demonic crawlers
  5 deep troll earth magi
  3 orc high priests (Orc:2)
  A spriggan berserker (Swamp:4)
  A vampire mage (Depths:4)
  3 sun demons (Depths:1)
  4 spriggans
  2 soul eaters (Depths:1)
  2 pharaoh ants
  4 goliath frogs
  Amaemon (Lair:3)
  5 iron trolls
  36 deep trolls
  2 spriggan druids
  A death drake (Gauntlet)
  2 flayed ghosts (Vaults:5)
  12 orb spiders
  4 sun moths (Spider:4)
  7 swamp dragons
  3 arcanists
  4 harpies (Vaults:4)
  6 bog bodies
  A glowing orange brain (Depths:1)
  8 lindwurms
  4 orc knights
  2 deep elf archers
  A sun moth (shapeshifter) (Vaults:5)
  10 ironbound convokers
  4 steelbarb worms
  8 deep elf pyromancers
  A deep elf zephyrmancer (D:13)
  A stone giant zombie (Depths:1)
  4 orc sorcerers (Orc:2)
  4 necromancers
  A frost giant zombie (Vaults:1)
  19 ugly things
  A spectral centaur (Gauntlet)
  An elf skeleton (Vaults:3)
  A shadow dragon skeleton (Depths:1)
  An oklob plant (Lair:1)
  2 fire giant skeletons
  3 will-o-the-wisps (Swamp:3)
  22 wolf spiders
  5 meliai
  9 moths of wrath
  7 cyclopes
  7 elephants
  19 slime creatures
  14 vault sentinels
  5 torpor snails
  A black mamba (shapeshifter) (D:14)
  5 black mambas
  6 smoke demons
  13 cane toads
  A guardian serpent (D:12)
  2 orange demons
  3 gargoyles
  Maggie (D:8)
  A kobold demonologist (D:13)
  10 komodo dragons
  3 rime drakes
  3 tengu conjurers
  A yaktaur (shapeshifter) (Depths:4)
  2 freezing wraiths
  23 yaktaurs
  Psyche (D:7)
  An ice devil (Depths:1)
  A red devil (D:13)
  4 polar bears
  A queen bee (D:14)
  10 trolls
  7 hornets
  A wolf spider simulacrum (D:14)
  19 tarantellas
  18 dream sheep
  2 ettin zombies
  2 tyrant leeches
  10 blink frogs
  A spectral meliai (Gauntlet)
  A human simulacrum (Vaults:4)
  A culicivora (shapeshifter) (Vaults:4)
  A stone giant simulacrum (Vaults:3)
  A fire giant simulacrum (Depths:1)
  13 culicivoras
  A spriggan skeleton (Depths:1)
  A vampire (D:12)
  Sigmund (D:4)
  61 yaks
  21 jumping spiders
  3 shadows
  6 wyverns
  5 wraiths
  A wyvern (shapeshifter) (D:15)
  3 steam dragons
  A warg (shapeshifter) (Depths:4)
  3 fire bats (Lair:4)
  Eustachio (D:4)
  4 basilisks
  3 wargs
  A chaos spawn (Zot:3)
  7 hogs (Spider:1)
  36 redbacks
  A redback (shapeshifter) (Depths:1)
  A yak (shapeshifter) (D:14)
  10 vampire mosquitoes
  13 swamp worms
  An entropy weaver zombie (Vaults:1)
  An unseen horror (shapeshifter) (Vaults:5)
  7 swamp drakes
  11 water moccasins
  31 orc warriors
  2 laughing skulls (D:14)
  7 ice beasts
  A sky beast (D:7)
  A deep troll simulacrum (Vaults:3)
  2 wolves
  20 ogres
  5 boggarts
  2 centaurs
  2 phantoms (D:5)
  8 kobold brigands
  An elf zombie (Ossuary)
  A weeping skull (Ossuary)
  9 bullfrogs
  2 gnoll sergeants
  5 scorpions
  2 burial acolytes (Ossuary)
  4 wights (D:8)
  35 killer bees
  7 electric eels
  4 howler monkeys
  2 centaur zombies
  4 hounds
  28 orc priests
  2 bombardier beetles
  A gnoll bouda (D:8)
  4 human zombies
  An iguana (D:6)
  2 jellies
  Ijyb (D:4)
  34 orc wizards
  A sleepcap (D:8)
  A centaur simulacrum (D:10)
  9 hound zombies (Ossuary)
  3 mummies
  Robin (D:2)
  8 adders
  3 gnolls (D:12)
  5 white imps
  A dart slug (D:2)
  5 ribbon worms
  92 orcs
  6 ball pythons
  14 endoplasms
  5 giant cockroaches
  2 gnoll zombies (Ossuary)
  17 goblins
  15 hobgoblins
  3 quokkas
  2 bats (D:2)
  6 frilled lizards
  10 kobolds
  A kobold zombie (D:6)
  4 orc zombies
  7 rats
  2 spectral weapons (Spider:3)
1519 creatures vanquished.

Vanquished Creatures (others)
  A fire giant (Depths:1)
  A large abomination (Zot:4)
  A deep elf zephyrmancer (Vaults:5)
  A bloated husk (Swamp:3)
  A redback (Spider:4)
  A swamp worm (Swamp:3)
  A wolf (D:8)
  An orc wizard (Orc:1)
  2 orcs (D:8)
  18 foxfires (Swamp:3)
28 creatures vanquished.

Grand Total: 1547 creatures vanquished

Notes
Turn   | Place    | Note
-------+----------+-------------------------------------------
     0 | D:1      | shadowrider38 the Minotaur Fighter began the quest for the
                  | Orb.
     0 | D:1      | Reached XP level 1. HP: 19/19 MP: 0/0
    50 | D:1      | Reached XP level 2. HP: 27/27 MP: 1/1
    93 | D:1      | aesen: rib
   201 | D:1      | Reached skill level 3 in Axes
   450 | D:2      | Reached skill level 4 in Fighting
   450 | D:2      | Reached XP level 3. HP: 30/33 MP: 2/2
   586 | D:2      | Noticed Robin
   590 | D:2      | Reached XP level 4. HP: 35/40 MP: 3/3
   594 | D:2      | Killed Robin
   599 | D:2      | aesen: powermode got jiyva within the first minute of
                  | tourney
   684 | D:2      | Found a bloodstained altar of Trog.
  1126 | D:2      | Found a hide-covered altar of Uskayaw.
  1126 | D:2      | Found a bloodstained altar of Trog.
  1126 | D:2      | Found an iron altar of Okawaru.
  1126 | D:2      | Found an iron altar of Okawaru.
  1126 | D:2      | Found a hazy altar of Hepliaklqana.
  1126 | D:2      | Found an ornate altar of the Wu Jian Council.
  1135 | D:2      | Reached XP level 5. HP: 44/47 MP: 4/4
  1235 | D:2      | Became a worshipper of Warmaster Okawaru
  1968 | D:3      | Found a sacrificial altar of Ru.
  2323 | D:4      | Reached XP level 6. HP: 55/55 MP: 5/5
  2367 | D:4      | aesen: is this rt
  2384 | D:4      | Found a broken altar of Ashenzari.
  2399 | D:4      | Noticed Eustachio
  2403 | D:4      | Found a sparkling altar of Nemelex Xobeh.
  2403 | D:4      | Noticed Ijyb
  2408 | D:4      | Killed Eustachio
  2408 | D:4      | Reached * piety under Okawaru
  2409 | D:4      | Reached skill level 5 in Fighting
  2420 | D:4      | Killed Ijyb
  2542 | D:4      | Noticed Sigmund
  2550 | D:4      | aesen: or are you just really excited
  2555 | D:4      | Killed Sigmund
  2556 | D:4      | Reached XP level 7. HP: 59/61 MP: 4/7
  2992 | D:5      | Entered Level 5 of the Dungeon
  3014 | D:5      | Found a glowing golden altar of the Shining One.
  3055 | D:5      | Found a radiant altar of Vehumet.
  3182 | D:5      | Found a shadowy altar of Dithmenos.
  3222 | D:5      | Reached ** piety under Okawaru
  3331 | D:5      | Found a white marble altar of Elyvilon.
  3446 | D:5      | Reached XP level 8. HP: 70/70 MP: 8/8
  3743 | D:5      | Found an ancient bone altar of Kikubaaqudgha.
  3746 | D:5      | Found a runed translucent door.
  3746 | D:5      | Noticed rozman's ghost (novice MfSh)
  3949 | D:5      | Reached skill level 6 in Fighting
  4015 | D:5      | Found a staircase to the Ecumenical Temple.
  4050 | Temple   | Entered the Ecumenical Temple
  4058 | D:5      | Reached skill level 3 in Dodging
  4447 | D:6      | Found Qedypeux's Antique Weapon Shop.
  4487 | D:6      | Found Vuicvoz's Weapon Shop.
  4642 | D:6      | Found a hide-covered altar of Uskayaw.
  4655 | D:6      | Found Isuy's Jewellery Emporium.
  4731 | D:6      | Reached skill level 3 in Invocations
  4781 | D:6      | Found Wahul's General Store.
  4829 | D:6      | Found a sand-covered staircase.
  4835 | Ossuary  | Entered an ossuary
  4879 | Ossuary  | Found a hazy altar of Hepliaklqana.
  4950 | Ossuary  | Reached *** piety under Okawaru
  5185 | Ossuary  | Reached XP level 9. HP: 78/78 MP: 10/10
  5973 | D:7      | Found a bloodstained altar of Trog.
  6091 | D:7      | Reached skill level 7 in Fighting
  6603 | D:8      | Reached **** piety under Okawaru
  6610 | D:8      | Noticed a cyclops
  6610 | D:8      | Noticed a white ugly thing
  6901 | D:8      | Noticed Psyche
  6908 | D:7      | Killed Psyche
  6909 | D:7      | Reached skill level 9 in Axes
  7165 | D:8      | Noticed Maggie
  7169 | D:8      | Noticed a boulder beetle
  7179 | D:8      | Killed Maggie
  7186 | D:8      | Killed a boulder beetle
  7187 | D:8      | Reached XP level 10. HP: 33/88 MP: 5/12
  7509 | D:8      | Noticed a two-headed ogre
  7514 | D:8      | aesen: you got this
  8036 | D:7      | Reached skill level 8 in Fighting
  8216 | D:7      | Reached ***** piety under Okawaru
  8338 | D:8      | Killed a cyclops
  8440 | D:8      | Found a glowing silver altar of Zin.
  8460 | D:8      | Killed a two-headed ogre
  8471 | D:8      | Killed a white ugly thing
  8823 | D:8      | Found a staircase to the Lair.
  8881 | D:8      | Found an ornate altar of the Wu Jian Council.
  9003 | D:8      | Noticed an eight-headed hydra
  9242 | D:9      | Reached XP level 11. HP: 29/95 MP: 11/14
  9245 | D:9      | Reached skill level 9 in Armour
  9638 | D:9      | Reached skill level 9 in Fighting
  9645 | D:9      | Received a gift from Okawaru
  9944 | D:9      | Reached skill level 9 in Shields
  9952 | D:9      | Found a shimmering blue altar of Sif Muna.
  9987 | D:9      | Found a runed translucent gate.
  9987 | D:9      | Found a runed translucent gate.
  9987 | D:9      | Found a runed translucent gate.
  9987 | D:9      | Noticed a purple ugly thing
  9987 | D:9      | Noticed a white ugly thing
  9987 | D:9      | Noticed a brown ugly thing
  9987 | D:9      | Noticed a brown ugly thing
  9988 | D:9      | Noticed a cyan ugly thing
  9988 | D:9      | Noticed a cyan ugly thing
 10237 | D:9      | Identified the +2 leather armour of Action {*Corrode rF+++
                  | Will+ Str-5}
 10265 | D:9      | Reached ****** piety under Okawaru
 10372 | D:9      | Acquired a +5 vampiric broad axe {god gift}
 10372 | D:9      | Received a gift from Okawaru
 10377 | D:9      | Acquired the +0 crystal plate armour of the Modern Quests
                  | {god gift, rF+ Regen+ Str+3 Stlth+}
 10377 | D:9      | Received a gift from Okawaru
 10682 | D:9      | Noticed a glowing orange brain
 10733 | Lair:1   | Entered Level 1 of the Lair of Beasts
 10733 | Lair:1   | Noticed an oklob plant
 10743 | Lair:1   | Received a gift from Okawaru
 11026 | Lair:1   | Received a gift from Okawaru
 11027 | Lair:1   | Reached skill level 10 in Fighting
 11078 | Lair:1   | Noticed an oklob plant
 11773 | D:8      | Found the +1 robe of Vines {NoPotionHeal Regen++++}
 11856 | D:8      | Found a snail-covered altar of Cheibriados.
 11883 | D:8      | Found an iron altar of Okawaru.
 12038 | Lair:2   | Found a hole to the Spider Nest.
 12050 | Lair:2   | Reached XP level 12. HP: 106/106 MP: 15/15
 12157 | Lair:2   | Received a gift from Okawaru
 12716 | Lair:2   | You fall into a shaft and drop 1 floor!
 12767 | Lair:3   | Noticed a four-headed hydra
 13159 | Lair:3   | Found a staircase to the Swamp.
 13348 | Lair:3   | Received a gift from Okawaru
 13417 | Lair:3   | Noticed Amaemon
 13432 | Lair:3   | Killed Amaemon
 13531 | Lair:3   | Noticed a five-headed hydra
 13546 | Lair:3   | Reached skill level 11 in Fighting
 13551 | Lair:3   | Killed a six-headed hydra
 13692 | Lair:3   | Killed a six-headed hydra
 13985 | Lair:4   | Received a gift from Okawaru
 14221 | Lair:4   | Reached skill level 15 in Axes
 14274 | Lair:4   | Noticed a death yak
 14275 | Lair:4   | Noticed a death yak
 14275 | Lair:4   | Noticed a death yak
 14276 | Lair:4   | Noticed a death yak
 14276 | Lair:4   | Noticed a death yak
 14283 | Lair:4   | Killed a death yak
 14286 | Lair:4   | Killed a death yak
 14287 | Lair:4   | Killed a death yak
 14287 | Lair:4   | Received a gift from Okawaru
 14288 | Lair:4   | Killed a death yak
 14289 | Lair:4   | Reached XP level 13. HP: 116/116 MP: 14/16
 14875 | Lair:5   | Entered Level 5 of the Lair of Beasts
 14998 | Lair:5   | Received a gift from Okawaru
 15010 | Lair:5   | Reached skill level 12 in Fighting
 15079 | Lair:5   | Found a viscous altar of Jiyva.
 15362 | Lair:5   | Received a gift from Okawaru
 15401 | Lair:5   | Noticed a dire elephant
 15411 | Lair:5   | Killed a dire elephant
 15648 | Lair:5   | Received a gift from Okawaru
 16211 | Lair:5   | Identified a scroll of acquirement
 16213 | Lair:5   | Acquired 487 gold pieces
 16581 | D:10     | Entered Level 10 of the Dungeon
 16742 | D:10     | Reached XP level 14. HP: 127/127 MP: 17/17
 17338 | D:11     | Noticed Fannar
 17345 | D:10     | Received a gift from Okawaru
 17346 | D:10     | Reached skill level 13 in Fighting
 17367 | D:11     | Killed Fannar
 17842 | D:12     | Noticed Sonja
 17843 | D:12     | Sonja changed into Sonja the guardian serpent
 17843 | D:12     | Noticed Sonja
 17847 | D:12     | Killed Sonja the guardian serpent
 18068 | D:12     | Found a staircase to the Orcish Mines.
 18371 | D:12     | Found the +5 robe of Night {Dark Will+ SInv}
 18493 | D:12     | Noticed Frances
 18503 | D:12     | Killed Frances
 18503 | D:12     | Received a gift from Okawaru
 18625 | Orc:1    | Entered Level 1 of the Orcish Mines
 18632 | Orc:1    | Found Ivuzulamp's Book Boutique.
 18696 | Orc:1    | Found Rinkoky Looz's Armour Boutique.
 18936 | Orc:2    | Entered Level 2 of the Orcish Mines
 19061 | Orc:2    | Found a staircase to the Elven Halls.
 19062 | Orc:2    | Found a flickering gateway to a bazaar.
 19072 | Bazaar   | Entered a bazaar
 19074 | Bazaar   | Found Sawkuen's Antique Armour Boutique.
 19078 | Bazaar   | Bought an embroidered hat for 147 gold pieces
 19078 | Bazaar   | Found Kama's General Store.
 19078 | Bazaar   | Found Tell's Antique Armour Boutique.
 19078 | Bazaar   | Found Name's Weapon Boutique.
 19099 | Bazaar   | Bought the +1 cloak of Starlight {*Dazzle EV+4 Stlth--} for
                  | 915 gold pieces
 19099 | Bazaar   | Found the +1 cloak of Starlight {*Dazzle EV+4 Stlth--}
 19190 | Orc:2    | Paralysed by an orc sorcerer for 2 turns
 19194 | Orc:2    | Received a gift from Okawaru
 19201 | Orc:2    | Reached skill level 14 in Fighting
 19241 | Orc:2    | Noticed an orc warlord
 19255 | Orc:2    | Killed an orc warlord
 19496 | Orc:2    | Found Ucilym's General Store.
 19497 | Orc:2    | Found Ecvizelam's Jewellery Emporium.
 19498 | Orc:2    | Found Noummias's Antique Armour Emporium.
 19498 | Orc:2    | Found Luti's Antique Weapon Shoppe.
 19515 | Orc:2    | Bought a scroll of teleportation for 36 gold pieces
 19515 | Orc:2    | Bought a scroll of revelation for 90 gold pieces
 19856 | Orc:2    | Received a gift from Okawaru
 20458 | D:13     | Paralysed by something for 3 turns
 20484 | D:13     | Received a gift from Okawaru
 20497 | D:13     | Reached XP level 15. HP: 123/139 MP: 18/18
 20987 | D:13     | Found a gate to the Vaults.
 21195 | D:14     | Reached skill level 15 in Fighting
 21295 | D:14     | Noticed Jorgrun
 21310 | D:14     | Killed Jorgrun
 21333 | D:14     | Identified the +1 orcbow "Spiderslayer" {heavy, Fly Int+2
                  | Stlth+}
 21709 | D:14     | Received a gift from Okawaru
 21719 | D:14     | Reached skill level 15 in Armour
 21782 | D:15     | Entered Level 15 of the Dungeon
 21782 | D:15     | Found a gate leading to a gauntlet.
 21795 | Gauntlet | Entered a Gauntlet
 21795 | Gauntlet | Found a transporter.
 21804 | Gauntlet | Found a transporter.
 21819 | Gauntlet | Found a transporter.
 21820 | Gauntlet | Found a transporter.
 21840 | Gauntlet | Found a transporter.
 21853 | Gauntlet | Found a transporter.
 21866 | Gauntlet | Found a transporter.
 21883 | Gauntlet | Found a transporter.
 21887 | Gauntlet | Found a transporter.
 21889 | Gauntlet | Found a runed translucent door.
 21895 | Gauntlet | Found a transporter.
 21904 | Gauntlet | Found a runed translucent door.
 21926 | Gauntlet | Found a transporter.
 21952 | Gauntlet | Found a transporter.
 22094 | Gauntlet | Reached skill level 15 in Shields
 22118 | Gauntlet | Reached skill level 16 in Fighting
 22131 | Gauntlet | Identified the ring of the Lotus Blossom {Fire rPois
                  | Slay+6}
 22365 | D:15     | Received a gift from Okawaru
 22415 | D:15     | Found a staircase to the Depths.
 22675 | D:15     | Paralysed by an ogre mage for 3 turns
 22734 | D:15     | Received a gift from Okawaru
 23128 | Swamp:1  | Entered Level 1 of the Swamp
 23330 | Swamp:2  | Reached skill level 17 in Fighting
 23454 | Swamp:2  | Received a gift from Okawaru
 23611 | Swamp:3  | Noticed a fenstrider witch
 23612 | Swamp:3  | Reached XP level 16. HP: 149/155 MP: 19/19
 23613 | Swamp:3  | Paralysed by a fenstrider witch for 4 turns
 23701 | Swamp:4  | Entered Level 4 of the Swamp
 23918 | Swamp:3  | Received a gift from Okawaru
 24008 | Swamp:4  | Reached skill level 18 in Fighting
 24403 | Swamp:4  | Noticed Mara
 24405 | Swamp:4  | Noticed shadowrider38's illusion
 24419 | Swamp:4  | Killed Mara
 24517 | Swamp:4  | Received a gift from Okawaru
 24668 | Swamp:4  | Reached skill level 3 in Evocations
 24678 | Swamp:4  | Got a mossy gem with 303 turns to spare
 24681 | Swamp:4  | Got a decaying rune of Zot
 24868 | Spider:1 | Entered Level 1 of the Spider Nest
 25043 | Spider:1 | Noticed Kirke
 25053 | Spider:1 | Killed Kirke
 25171 | Spider:1 | Identified the +3 tower shield "Dyrurch" {Rampage rElec
                  | rC+}
 25171 | Spider:1 | Noticed Louise
 25176 | Spider:1 | Reached skill level 19 in Fighting
 25192 | Spider:1 | Killed Louise
 25256 | Spider:1 | You fall into a shaft and drop 1 floor!
 25311 | Spider:2 | Received a gift from Okawaru
 25631 | Spider:3 | Reached XP level 17. HP: 168/168 MP: 20/20
 25745 | Spider:3 | Noticed Agnes
 25753 | Spider:3 | Killed Agnes
 25753 | Spider:3 | Received a gift from Okawaru
 26338 | Spider:4 | Entered Level 4 of the Spider Nest
 26522 | Spider:4 | Reached skill level 20 in Fighting
 26559 | Spider:4 | Noticed Arachne
 26565 | Spider:4 | Received a gift from Okawaru
 26593 | Spider:4 | Killed Arachne
 26631 | Spider:4 | Received a gift from Okawaru
 26822 | Spider:4 | Reached XP level 18. HP: 180/180 MP: 21/21
 26909 | Spider:4 | Reached skill level 21 in Fighting
 26916 | Spider:4 | Received a gift from Okawaru
 27023 | Spider:4 | Got a gossamer rune of Zot
 27028 | Spider:4 | Got a milky-white gem with 337 turns to spare
 27482 | Vaults:1 | Entered Level 1 of the Vaults
 27785 | D:6      | Bought a ring of willpower for 275 gold pieces
 27969 | Vaults:1 | Received a gift from Okawaru
 28239 | Vaults:2 | Reached XP level 19. HP: 190/190 MP: 22/22
 28329 | Vaults:2 | Received a gift from Okawaru
 28565 | Vaults:3 | Reached skill level 22 in Fighting
 28831 | Vaults:3 | Received a gift from Okawaru
 29100 | Vaults:4 | Received a gift from Okawaru
 29305 | Vaults:4 | Found Guzish's Antique Weapon Shop.
 29380 | Vaults:4 | Reached skill level 3 in Throwing
 29509 | Vaults:4 | Received a gift from Okawaru
 30186 | Vaults:5 | Entered Level 5 of the Vaults
 30194 | Vaults:4 | Received a gift from Okawaru
 30222 | Vaults:5 | Reached XP level 20. HP: 176/202 MP: 21/23
 30224 | Vaults:5 | Noticed a golden dragon
 30240 | Vaults:5 | Killed a golden dragon
 30247 | Vaults:5 | Noticed a dread lich
 30258 | Vaults:5 | Received a gift from Okawaru
 30267 | Vaults:5 | Killed a dread lich
 30315 | Vaults:5 | Received a gift from Okawaru
 30334 | Vaults:5 | Noticed a golden dragon
 30366 | Vaults:5 | Reached skill level 23 in Fighting
 30389 | Vaults:5 | Killed a golden dragon
 30567 | Vaults:5 | Received a gift from Okawaru
 30617 | Vaults:5 | Received a gift from Okawaru
 30641 | Vaults:5 | Noticed an ancient lich
 30653 | Vaults:5 | Killed an ancient lich
 30709 | Vaults:5 | Noticed a dread lich
 30737 | Vaults:5 | Paralysed by a dread lich for 2 turns
 30746 | Vaults:5 | Killed a dread lich
 30956 | Vaults:5 | Reached XP level 21. HP: 203/208 MP: 24/24
 31004 | Vaults:5 | Identified the death talisman of the Rambutan {Str+2
                  | Stlth+}
 31173 | Vaults:5 | Reached skill level 21 in Armour
 31180 | Vaults:5 | Found the +3 salamander hide armour {Flames, rFlCloud rF++
                  | rC--}
 31248 | Vaults:5 | Identified the +3 leather armour "Ydabres" {rPois Int+2}
 31253 | Vaults:5 | Noticed a dread lich
 31541 | Vaults:5 | Killed a dread lich
 31542 | Vaults:5 | Reached skill level 21 in Shields
 31585 | Vaults:5 | Received a gift from Okawaru
 31612 | Vaults:5 | Identified the +0 robe of Failure {rElec Dex-5 Slay-4
                  | Archmagi}
 31718 | Vaults:5 | Noticed a golden dragon
 31728 | Vaults:5 | Killed a golden dragon
 31742 | Vaults:5 | Got a silver rune of Zot
 31745 | Vaults:5 | Identified the ring of Nitikhu {Fire rElec Stlth+}
 31751 | Vaults:5 | Got a shining gem with 53 turns to spare
 31775 | Vaults:5 | Reached skill level 24 in Fighting
 31807 | Vaults:5 | Lost the shining gem through the power of Zot.
 31812 | Vaults:5 | Killed a ghostly golden dragon
 32512 | Depths:1 | Entered Level 1 of the Depths
 32549 | D:15     | Received a gift from Okawaru
 33099 | Depths:1 | Found a gateway to Hell.
 33814 | Depths:1 | Found Qeisimm's Antique Armour Shoppe.
 33854 | Depths:1 | Received a gift from Okawaru
 33997 | Depths:3 | Noticed a golden dragon
 34002 | Depths:3 | Killed a golden dragon
 34207 | Depths:4 | Entered Level 4 of the Depths
 34218 | Depths:4 | Received a gift from Okawaru
 34324 | Depths:4 | Received a gift from Okawaru
 34375 | Depths:4 | Noticed a golden dragon
 34386 | Depths:4 | Killed a golden dragon
 34387 | Depths:4 | Reached skill level 25 in Fighting
 34413 | Depths:4 | Noticed a golden dragon
 34426 | Depths:4 | Found a gate to the Realm of Zot.
 34437 | Depths:4 | Reached XP level 22. HP: 226/226 MP: 25/25
 34454 | Depths:4 | Killed a golden dragon
 34489 | Depths:4 | Got a midnight gem with 1440 turns to spare
 34493 | Zot:1    | Entered Level 1 of the Realm of Zot
 34593 | Zot:1    | Received a gift from Okawaru
 34620 | Zot:1    | Noticed a curse toe
 34638 | Arena    | Entered the Arena
 34645 | Arena    | Killed a curse toe
 35052 | Zot:1    | Received a gift from Okawaru
 35337 | Zot:1    | Found a transporter.
 35338 | Zot:1    | Found a transporter.
 35347 | Zot:1    | Found a transporter.
 35354 | Zot:1    | Found a transporter.
 35403 | Zot:2    | Reached skill level 9 in Invocations
 35677 | Zot:3    | Noticed Parghit
 35678 | Zot:4    | Noticed a golden dragon
 35715 | Zot:3    | Killed Parghit
 35977 | Zot:4    | Received a gift from Okawaru
 35985 | Zot:4    | Killed a golden dragon
 36578 | Zot:5    | Entered Level 5 of the Realm of Zot
 36613 | Zot:5    | Noticed a golden dragon
 36620 | Zot:5    | Killed a golden dragon
 36925 | Zot:5    | Identified the ring of the Invisible Hand {rPois rF+++ rN++
                  | Will+ Int-2}
 36996 | Zot:5    | Received a gift from Okawaru
 37040 | Zot:5    | Noticed an ancient lich
 37040 | Zot:5    | Noticed a golden dragon
 37044 | Zot:5    | Noticed an ancient lich
 37044 | Zot:5    | Noticed a Killer Klown
 37177 | Zot:5    | Noticed an orb of fire
 37180 | Zot:5    | Gained mutation: Your magical capacity is low. (-10% MP)
                  | [an orb of fire]
 37193 | Zot:5    | Killed an orb of fire
 37194 | Zot:5    | Reached XP level 23. HP: 108/234 MP: 22/29
 37584 | Zot:5    | Noticed an ancient lich
 37589 | Zot:5    | Got the Orb of Zot
 37620 | Zot:4    | Noticed Milol the pandemonium lord
 37852 | Depths:1 | Noticed Riucos the pandemonium lord
 38164 | D:$      | Escaped with the Orb!

Illustrated notes

Levels and vault maps discovered:
D:1:      pf_arrival_petrified_forest, layout_rooms
D:2:      cheibrodos_fertilizer, layout_loops_cross, basic_altar, uniq_robin
D:3:      layout_rooms, nicolae_overflow_hidden_temple
D:4:      layout_loops_cross, lemuel_crystal_altar,
          mainiacjoe_overflow_boulevard, uniq_eustachio, uniq_sigmund, uniq_ijyb
D:5:      layout_layer_cave, lemuel_tele_altar, nicolae_dithmenos_the_darkroom,
          vehumet_altar_wand_db, mainiacjoe_overflow_alcove_2,
          lemuel_doored_altar, temple_green, gammafunk_ghost_grave
D:6:      layout_rooms, eat_drink_and_be_merry_uskayaw,
          nicolae_ossuary_entry_giza, serial_shops,
          nicolae_shop_window_shopping, kennysheep_mini_moat, shop, shop
D:7:      layout_gridville, bloody_trog
D:8:      cheibrodos_fzero, layout_cave_pools, nzn_wu_jian_contemplation,
          mainiacjoe_overflow_tiny_flanked, minitemple,
          erik_lair_orcish_takeover, hellmonk_guarded_unrand_vines, uniq_psyche,
          uniq_maggie
D:9:      layout_irregular_city, lemuel_round_altar,
          ploomutoo_gammafunk_ghost_potion_laboratory
D:10:     layout_irregular_city, serial_ice, serial_ice_o, serial_ice_g,
          serial_ice_e, serial_ice_b, solitary_fountain, minivault_26
D:11:     layout_rooms, uniq_fannar
D:12:     layout_irregular_city, kennysheep_orc_monster_closet_entryway,
          minmay_misc_feat_iff, hellmonk_guarded_unrand_night, uniq_frances,
          uniq_sonja
D:13:     layout_gridville, hangedman_vaults_entry_quadrant_bands
D:14:     layout_roguey [special_room_bee], chequers_garden, uniq_jorgrun
D:15:     gammafunk_enter_depths_forms, layout_irregular_city,
          hangedman_decor_diamond_cutter, gauntlet_entry_generic
Temple:   hellmonk_temple_beads
Lair:1:   hellmonk_ruined_rings, layout_chaotic_city, dpeg_stationary_puzzle
Lair:2:   layout_cave_pods, nicolae_spider_entry_non_spiders,
          nicolae_quartered_pool_super, minmay_stone_trees_medium,
          infiniplex_staircase_pool_2
Lair:3:   layout_cave_shapes, swamp_mist, chequers_serial_rivers_small_3,
          lemuel_fruit_tree, serial_bayou_shore_a, lemuel_fruit_fields,
          serial_bayou_shore_b, uniq_amaemon
Lair:4:   layout_regular_city, nicolae_volcano_entry_batcave,
          serial_bayou_pond_d
Lair:5:   wormcave, layout_cave_pods, hangedman_lair_in_review,
          minmay_slime_entry_oklob_enclosed
Swamp:1:  layout_basic_swamp, hangedman_swamp_pad, uniq_nikola
Swamp:2:  layout_falls_marsh, evilmike_swamp_ruin_house_2, swamp_pool_3,
          nicolae_swamp_long_stream
Swamp:3:  layout_falls_marsh, basic_altar, infiniplex_staircase_pool
Swamp:4:  swamp_basic_johnstein, layout_basic_swamp, uniq_mara
Spider:1: layout_chambers, uniq_louise, uniq_kirke
Spider:2: layout_spider_delve, hangedman_spider_tarantella_strand
Spider:3: layout_spider_delve, uniq_agnes
Spider:4: johnstein_spider_rune_arachne_lair, nicolae_spider_altar_of_dancing
Orc:1:    layout_caves, serial_shops, shop, shop
Orc:2:    st_orc_congregation, layout_caves, serial_shops, bzr_entry_water,
          nicolae_orc_bridge_out, minmay_orc_temple_a
Vaults:1: ebering_ghost_inner_flame, nicolae_vaults_trapezoid_1,
          nicolae_vaults_trapezoid_1, dpeg_vaults_waves,
          vaults_mumra_minichess_inversion, nicolae_vaults_stepped_doors,
          nicolae_vaults_three_branches, ontoclasm_vaults_chip,
          layout_vaults_omnigrid, serial_shops, nicolae_square_shop
Vaults:2: portal_desolation_entry_holy_temple, nicolae_vaults_spaceships,
          nicolae_vaults_tetromino_L_2, nicolae_vaults_corridor_and_loot_room,
          nicolae_vaults_double_plus_2, dpeg_vaults_monster_box,
          ontoclasm_vaults_twist, hangedman_vaults_stretched_pinwheel, v_misc_2,
          v_pattern_5, nicolae_vaults_trapezoid_lopsided_1,
          nicolae_vaults_double_plus_1, nicolae_vaults_storage_room_statues,
          layout_vaults_chaotic_city, uniq_zenata
Vaults:3: vaults_dpeg_hooks, minmay_crypt_entry_necro_gods,
          nicolae_vaults_rhombus_7, nicolae_vaults_big_ls,
          hangedman_vaults_locks, nicolae_vaults_trapezoid_1,
          nicolae_vaults_little_squares_6, vaults_room_large_hall,
          nicolae_vaults_swerve, nicolae_vaults_theta, v_rooms_3,
          layout_vaults_maze_snakey, serial_shops, bzr_entry_safe
Vaults:4: vaults_room_grunt_arrival_checkpoint, grunt_vaults_trifunnel,
          grunt_vaults_bifocal, ontoclasm_vaults_chip, vaults_mumra_hexcomb,
          vaults_standard_mumra_x, hangedman_vaults_corner_blocks,
          nicolae_vaults_network_periphery, nicolae_vaults_little_ls,
          nicolae_vaults_tetromino_Z_2, nicolae_vaults_gold_heap,
          layout_vaults_big_cross, serial_shops, nicolae_shop_behind_doors
Vaults:5
Depths:1: layout_gridlike, hellmouth_3, st_stairs_5, bh_walls_and_bars,
          minmay_shop_star
Depths:2: nzn_winding_woodlands_three_and_one [nzn_winding_woodlands_5x15_cabin,
          nzn_winding_woodlands_5x15_parted, nzn_winding_woodlands_5x15_garden,
          nzn_winding_woodlands_center_diamonds], layout_twisted_cross,
          rand_demon_pan_entry_3, pf_coc_iceberg, elyvilon_altar_5
Depths:3: minmay_cut_squares, layout_basic, nicolae_ru_the_path_less_chosen,
          grunt_hell_entry_dis_grunt, minmay_room_of_horrors, minmay_shop_grove
Depths:4: grunt_x_marks_the_spot, layout_cross, serial_shops, shop, pan_entry,
          hell_entry, fedhas_altar_2
Zot:1:    layout_twisted_circle, regret_index_zotdec_icy_dp,
          nicolae_diode_quadrants
Zot:2:    layout_basic
Zot:3:    layout_twisted_circle, regret_index_zotdec_gossamer_parallel,
          grunt_ministairs_1, nicolae_zot_crop_circle, uniq_parghit
Zot:4:    layout_gridlike, lemuel_elevator
Zot:5:    layout_cellular_growth, grunt_ministairs_6

Skill      XL: |  1  2  3  4  5  6  7  8  9 10 11 12 13 14 15 16 17 18 19 20 21 22 |
---------------+-------------------------------------------------------------------+-----
Axes           | 3 4 5 6 8 9 11 13 15 17 18 | 18.0
Fighting       | 4 5 6 7 8 10 11 12 14 17 19 20 21 22 23 25 | 25.2
Armour         | 4 5 6 7 8 10 11 13 14 16 17 18 19 20 22 | 22.7
Shields        | 4 5 6 7 8 9 11 12 14 15 17 18 19 20 22 | 22.6
Dodging        | 1 2 3 5 6 7 |  7.0
Invocations    | 1 2 3 4 5 6 14 | 14.4
Evocations     | 4 6 7 8 |  8.2
Throwing       | 6 8 |  8.8

Action                     |  1- 3 |  4- 6 |  7- 9 | 10-12 | 13-15 | 16-18 | 19-21 | 22-24 || total
---------------------------+-------+-------+-------+-------+-------+-------+-------+-------++-------
  Melee: War axe           |    74 |   114 |   241 |   250 |       |       |       |       ||   679
         Headbutt          |     6 |    15 |    52 |    99 |   194 |   185 |   358 |   167 ||  1076
         Broad axe         |       |       |       |   244 |   908 |   652 |  1066 |   540 ||  3410
         Demon whip        |       |       |       |     5 |    23 |    58 |       |       ||    86
  Throw: Dart              |       |       |     1 |       |       |       |       |       ||     1
 Invoke: Heroism           |       |     1 |     6 |     7 |    13 |    10 |     9 |     8 ||    54
         Finesse           |       |       |     1 |       |     2 |     3 |     4 |     2 ||    12
         Receive Weapon    |       |       |       |     1 |       |       |       |       ||     1
         Receive Armour    |       |       |       |     1 |       |       |       |       ||     1
         Duel              |       |       |       |       |       |       |       |     1 ||     1
  Evoke: Wand              |       |       |       |       |     1 |       |       |     2 ||     3
    Use: Scroll            |     2 |     5 |     6 |    13 |    10 |     6 |     9 |    14 ||    65
         Potion            |       |     1 |     3 |     2 |     5 |     3 |     2 |    15 ||    31
   Stab: Petrified         |       |       |       |       |     3 |       |       |       ||     3
         Petrifying        |       |       |       |       |     1 |       |       |       ||     1
         Invisible         |       |       |       |       |     6 |    13 |     5 |     1 ||    25
 Armour: Scale mail        |    45 |    73 |       |       |       |       |       |       ||   118
         Plate armour      |       |    25 |   227 |   243 |       |       |       |       ||   495
         Crystal plate arm |       |       |       |   264 |   683 |   643 |   399 |       ||  1989
         Gold dragon scale |       |       |       |       |       |       |   238 |   566 ||   804
  Dodge: Dodged            |    43 |    40 |    93 |   240 |   413 |   373 |   265 |   183 ||  1650
  Block: Buckler           |    10 |    24 |    47 |   155 |   106 |       |       |       ||   342
         Tower shield      |       |       |       |       |   558 |  1071 |  1193 |   752 ||  3574
